 Dungeon Crawl Stone Soup version 0.21.1-1-g345015fe64 (webtiles) character file.

746 4FPSwarrior the Ruffian (level 7, -5/54 (55) HPs)
             Began as a Ghoul Warper on Apr 10, 2018.
             Slain by a wight
             ... wielding a +3 halberd of freezing
              (10 damage)
             ... on level 6 of the Dungeon.
             The game lasted 00:28:50 (4695 turns).

4FPSwarrior the Ruffian (Ghoul Warper)              Turns: 4695, Time: 00:28:51

HP:   -5/54 (55)    AC:  5    Str: 15    XL:     7   Next: 77%
MP:   2/8           EV: 11    Int: 10    God:
Gold: 351           SH:  0    Dex:  8    Spells: 4/9 levels left

rFire    + . .     SeeInvis .     - Unarmed
rCold    + + .     Gourm    .   (no shield)
rNeg     + + +     Faith    .   a - +0 leather armour
rPois    ∞         Spirit   .   i - +1 helmet
rElec    .         Reflect  .   h - scarf {rC+ rF+}
rCorr    .         Harm     .   (no gloves)
MR       .....                  (no boots)
Stlth    +.........             (no amulet)
HPRegen  0.00/turn              (no ring)
MPRegen  0.11/turn              (no ring)

@: rotting, hasted, very quick
A: rotting body, claws 1, carnivore, cold resistance 1, negative energy
resistance 3, inhibited regeneration, torment resistance, unbreathing
a: no special abilities


You were on level 6 of the Dungeon.
You were not hungry.

You visited 1 branch of the dungeon, and saw 6 of its levels.

You collected 351 gold pieces.

Inventory:

Missiles
 d - 3 tomahawks of dispersal (quivered)
Armour
 a - a +0 leather armour (worn)
 h - a scarf of resistance (worn)
 i - a +1 helmet (worn)
 q - a +0 robe
Scrolls
 g - 5 scrolls of identify {unknown}
 o - a scroll of noise {unknown}
 r - 2 scrolls of teleportation {unknown}
 s - a scroll of blinking
 v - a scroll of remove curse
Potions
 c - a potion of ambrosia {unknown}
 e - a potion of lignification {unknown}
 j - 2 potions of resistance {unknown}
 k - 2 potions of haste
 l - a potion of curing {unknown}
 m - a potion of agility {unknown}
 n - a potion of magic {unknown}
 p - a potion of cancellation {unknown}
 u - 2 potions of heal wounds {unknown}
Books
 b - a book of Spatial Translocations

   Spells                             Type                      Level
   a - Blink                          Translocation                2
   b - Shroud of Golubria             Charms/Translocation         2
   c - Lesser Beckoning               Translocation                3
   d - Gell's Gravitas                Translocation                3
   e - Teleport Other                 Translocation                3
   f - Passage of Golubria            Translocation                4
Comestibles
 f - 6 rations


   Skills:
 - Level 2.1 Fighting
 - Level 0.8 Throwing
 - Level 0.8 Armour
 - Level 1.7 Dodging
 + Level 7.2 Unarmed Combat
 - Level 1.7 Spellcasting
 + Level 5.7 Translocations


You had 4 spell levels left.
You knew the following spells:

 Your Spells              Type           Power        Failure   Level  Hunger
a - Shroud of Golubria    Chrm/Tloc      #.........   19%         2    ###....
b - Gell's Gravitas       Tloc           ##........   11%         3    ####...


Dungeon Overview and Level Annotations

Branches:
Dungeon (6/15)
 Temple: D:4-7

Altars:
Ashenzari
Okawaru

Shops:
D:5 (

Annotations:
D:3 krupnik1's ghost, amateur MiFi
D:6 Duvessa


Innate Abilities, Weirdness & Mutations

Your body is rotting away.
You thrive on raw meat.
You are immune to poison.
You have sharp fingernails.
You are carnivorous and can eat meat at any time.
Your flesh is cold resistant. (rC+)
You are immune to negative energy. (rN+++)
You do not regenerate when monsters are visible.
You are immune to unholy pain and torment.
You can survive without breathing.


Message History

The wight is severely damaged.
The wight hits you but does no damage.
You barely miss the wight.
The wight is severely damaged.
You scratch the wight but do no damage.
The wight is severely damaged.
The wight barely misses you.
Okay, then.
It was a potion of haste.
You feel yourself speed up.
The wight hits you with a halberd of freezing!
* * * LOW HITPOINT WARNING * * *
You scratch the wight but do no damage.
The wight is severely damaged.
The wight closely misses you.
You scratch the wight but do no damage. Your claw misses the wight.
The wight is severely damaged.
You scratch the wight but do no damage.
The wight is severely damaged.
The wight hits you with a halberd of freezing!
You die...

# . . . . .########### ####
.#.........##############..#
.'.........'...z@......#...#
z#.........###########.#..#####
.#.........# #........#
##.........# ###...#..#
#.........## ####...#..#
#..........# #.........#
#.(........# #.###..#..#
#######....# #.#.......# #....#
#.#.#..#.####


You could see a wight.

Vanquished Creatures
  2 phantoms (D:4)
  A bullfrog (D:6)
  2 wights (D:6)
  A crimson imp (D:5)
  2 orc priests
  2 hounds
  A jelly (D:5)
  Jessica (D:2)
  3 iguanas
  2 howler monkey zombies
  4 adders
  An ooze (D:1)
  An adder skeleton (D:4)
  2 dart slugs
  3 worms
  9 orcs
  4 giant cockroaches
  2 hobgoblins
  3 jackals (D:3)
  11 kobolds
  A quokka (D:4)
  3 ball pythons
  6 bats
  6 frilled lizards
  5 goblins
  A jackal skeleton (D:4)
  A jackal zombie (D:4)
  10 rats
90 creatures vanquished.

Notes
Turn   | Place    | Note
-------+----------+-------------------------------------------
     0 | D:1      | 4FPSwarrior the Ghoul Warper began the quest for the Orb.
     0 | D:1      | Reached XP level 1. HP: 17/17 MP: 2/2
   116 | D:1      | Reached XP level 2. HP: 24/24 MP: 3/3
   121 | D:1      | Reached skill level 3 in Unarmed Combat
   329 | D:1      | Reached XP level 3. HP: 27/29 MP: 4/4
   589 | D:2      | Learned a level 2 spell: Shroud of Golubria
   783 | D:2      | Noticed Jessica
   787 | D:2      | Reached skill level 4 in Unarmed Combat
   806 | D:2      | Killed Jessica
   806 | D:2      | Reached XP level 4. HP: 27/36 MP: 1/5
  1386 | D:3      | Found a shattered altar of Ashenzari.
  1702 | D:3      | Noticed krupnik1's ghost (amateur MiFi)
  1904 | D:4      | Noticed a phantom
  1938 | D:4      | Killed a phantom
  1938 | D:4      | Reached skill level 5 in Unarmed Combat
  1938 | D:4      | Reached XP level 5. HP: 29/41 MP: 1/6
  1978 | D:4      | Found an iron altar of Okawaru.
  2185 | D:4      | Reached XP level 6. HP: 43/48 MP: 4/7
  2438 | D:4      | Noticed a phantom
  2470 | D:5      | Entered Level 5 of the Dungeon
  2801 | D:3      | HP: 1/48 [krupnik1's ghost (17)]
  3388 | D:4      | Killed a phantom
  3388 | D:4      | Reached skill level 6 in Unarmed Combat
  3567 | D:5      | Reached XP level 7. HP: 54/54 MP: 8/8
  3642 | D:5      | Found Wimokh's Antique Weapon Emporium.
  3657 | D:5      | Reached skill level 5 in Translocations
  3691 | D:5      | Learned a level 3 spell: Gell's Gravitas
  4420 | D:6      | Noticed Duvessa
  4588 | D:6      | Reached skill level 7 in Unarmed Combat
  4695 | D:6      | Slain by a wight

Skill      XL: |  1  2  3  4  5  6  7 |
---------------+----------------------+-----
Unarmed Combat | 3 4 5 6 7 |  7.2
Translocations | 3 4 5 |  5.7
Fighting       | |  2.1
Throwing       | |  0.8
Armour         | |  0.8
Dodging        | |  1.7
Spellcasting   | |  1.7

Action                   |  1- 3 |  4- 6 |  7- 9 || total
-------------------------+-------+-------+-------++-------
Melee: Unarmed           |    94 |   230 |    85 ||   409
       Punch             |     1 |     5 |     4 ||    10
Throw: Tomahawk          |       |     2 |       ||     2
 Cast: Shroud of Golubri |     2 |    21 |     6 ||    29
       Gell's Gravitas   |       |       |     1 ||     1
  Use: Scroll            |       |     2 |       ||     2
       Potion            |       |       |     1 ||     1
  Eat: Chunk             |    12 |    21 |     3 ||    36
       Ration            |       |     2 |       ||     2
Armor: Leather armour    |    26 |    60 |    18 ||   104
Dodge: Dodged            |    49 |   101 |    33 ||   183
